 Dungeon Crawl Stone Soup version 0.32-a0-747-gc8563f6773 (webtiles) character file.

Game seed: 12928503940966558464

44 mdonais the Insei (level 3, -2/28 HPs)
             Began as a Gnoll Shapeshifter on Mar 17, 2024.
             Slain by Natasha (10 damage)
             ... on level 2 of the Dungeon.
             The game lasted 00:03:11 (1138 turns).

mdonais the Insei (Gnoll Shapeshifter)              Turns: 1138, Time: 00:03:11

Health: -2/28      AC:  0    Str: 13    XL:     3   Next: 62%
Magic:  4/4        EV: 15    Int:  9    God:
Gold:   25         SH:  0    Dex: 13    Spells: 3/3 levels left

rFire   . .          .
                       - Unarmed
rCold   . . .        (shield currently unavailable)
rNeg    . . .        g - melded +0 leather armour
rPois   .            (helmet currently unavailable)
rElec   .            (cloak currently unavailable)
rCorr   .            (gloves currently unavailable)
SInv    .            (boots currently unavailable)
Will    .....        (no amulet)
Stlth   ++           h - melded +6 ring of strength
HPRegen 0.24/turn    (ring currently unavailable)
MPRegen 0.09/turn

%: no passive effects
@: pig-form (expiring), very quick
A: fast, no casting, small, (fangs 1), strong nose, distributed training
a: no special abilities


You were on level 2 of the Dungeon.
You were a filthy swine.
You visited 1 branch of the dungeon, and saw 2 of its levels.

You collected 25 gold pieces.

Inventory:

Hand Weapons
 e - a +0 dagger
   (You took it off a goblin on level 1 of the Dungeon)
 f - a +0 sling
   (You found it on level 1 of the Dungeon)
Armour
 g - a +0 leather armour (melded)
   (You found it on level 1 of the Dungeon)
Jewellery
 h - a +6 ring of strength (melded)
   (You found it on level 1 of the Dungeon)
Talismans
 c - a beast talisman
 d - a flux talisman (active)
Scrolls
 i - 2 scrolls of identify {unknown}
 j - a scroll of enchant weapon {unknown}
Potions
 b - a potion of lignification


   Skills:
 + Level 2.6 Fighting
 + Level 0.9 Short Blades
 + Level 0.9 Long Blades
 + Level 0.9 Axes
 + Level 0.9 Maces & Flails
 + Level 0.9 Polearms
 + Level 0.9 Staves
 + Level 0.9 Ranged Weapons
 + Level 0.9 Throwing
 + Level 0.9 Armour
 + Level 4.5 Dodging
 + Level 0.9 Stealth
 + Level 0.9 Shields
 + Level 6.5 Unarmed Combat
 + Level 0.9 Spellcasting
 + Level 0.6 Conjurations
 + Level 0.6 Hexes
 + Level 0.6 Summonings
 + Level 0.6 Necromancy
 + Level 0.6 Translocations
 + Level 0.6 Fire Magic
 + Level 0.6 Ice Magic
 + Level 0.6 Air Magic
 + Level 0.6 Earth Magic
 + Level 0.6 Alchemy
 + Level 1.0 Invocations
 + Level 0.9 Evocations
 + Level 6.5 Shapeshifting


You had 3 spell levels left.
You didn't know any spells.
Your spell library was empty.

Dungeon Overview and Level Annotations

Branches:
Dungeon (2/15) Zot: 10868

Altars:

Shops:
D:1 :

Annotations:
D:2 Natasha


Innate Abilities, Weirdness & Mutations

You are a filthy swine.
You move quickly.
Your equipment is almost entirely melded.
You are incapable of wielding weapons or throwing items.
You cannot cast spells.
((You have very sharp teeth.))
Your uncanny sense of smell can sniff out nearby items.
Your experience applies equally to all skills.


Message History

The goblin is heavily wounded.
The goblin closely misses you.
You hit the goblin.
You kill the goblin!
No target in view!
No target in view!
No target in view!
No target in view!
No target in view!
No target in view!
No target in view!
No target in view!
No target in view!
Things that are here:
a +0 club; a goblin corpse
Found a stone staircase leading down.
There is a stone staircase leading down here.
You now have 25 gold pieces (gained 13).
You open the door.
There is an open door here.
You open the door.
There is an open door here.
You open the door.
There is an open door here.
There is an open door here.
There is an open door here.
There is an open door here.
You enter the shallow water.
Moving in this stuff is going to be slow.
There is an open door here.
Done exploring.
Done exploring.
Search for what [Enter for "armor", or ? for help]? .
Unknown command.
There is a faded altar of an unknown god here.
There is an open door here.
There is an open door here.
You open the door.
There is an open door here.
There is a stone staircase leading down here.
You climb downwards.
Found a stone staircase leading down.
There is a stone staircase leading up here.
You feel stronger.
h - a +6 ring of strength (left hand)
You drop a +0 animal skin.
Natasha, Servant of Life and Death comes into view.
She is carrying a wand of polymorph.
Natasha hisses angrily.
Natasha zaps a wand.
Your transformation has ended.
Your +0 leather armour unmelds from your body.
You turn into a bat.
Your +0 leather armour melds into your body.
Your +6 ring of strength melds into your body.
You feel weaker.
Unknown command.
There is a stone staircase leading up here.
You see here a +0 animal skin.
Natasha stares at you and mumbles some strange words.
You resist with significant effort.
You fly upwards.
There is a stone staircase leading down here.
You start resting.
HP restored.
Health restored: 23 You start waiting.
Your transformation is almost over.
You feel less batty.
Your +0 leather armour unmelds from your body.
Your +6 ring of strength unmelds from your body.
You feel stronger.
You turn into something dangerously unstable.
Your +0 leather armour melds into your body.
You take 2 damage, and have 21/21 hp.
You climb downwards.
Level annotation: Natasha
There is a stone staircase leading up here.
You see here a +0 animal skin.
Natasha barely misses you.
You hit Natasha.
Natasha begins to glow.
Natasha is lightly wounded.
Natasha casts a spell.
You hit Natasha.
Natasha glows dangerously bright.
Natasha is heavily wounded.
Natasha claws you.
You take 6 damage, and have 15/21 hp.
MASSIVE DAMAGE!!
You hit Natasha.
Natasha shudders as magic cascades through her!
You kill Natasha!
Natasha growls in agony!
The cerulean imp disappears in a puff of smoke!
Your Invocations skill increases to level 1!
You have reached level 3!
Your experience leads to an increase in your attributes!
Your base attributes are Str 13, Int 9, Dex 11.
Increase (S)trength, (I)ntelligence, or (D)exterity?
You feel agile. x2
You regained 5 hp, and now have 20/26 hp.
Magic restored.
HP restored.
i - 2 scrolls labelled SEWISOZENI (gained 1) Natasha, Servant of Life and Death comes into view.
She is carrying a wand of polymorph.
Health restored: 26; MP restored: 4 Natasha hisses angrily.
Natasha zaps a wand.
You resist with significant effort. Natasha claws you!
You take 9 damage, and have 17/26 hp.
MASSIVE DAMAGE!!
You hit Natasha.
Natasha begins to glow.
You bite Natasha, but do no damage.
Natasha is moderately wounded.
Natasha claws you!
You take 7 damage, and have 10/26 hp.
MASSIVE DAMAGE!!
You are too injured to fight recklessly!
You barely miss Natasha. Your bite misses Natasha.
Natasha is moderately wounded.
Natasha zaps a wand.
Your transformation has ended.
Your +0 leather armour unmelds from your body.
You turn into a filthy swine.
Your +0 leather armour melds into your body.
Your +6 ring of strength melds into your body.
You feel weaker.
You hit Natasha.
Natasha is heavily wounded.
Natasha closely misses you.
You barely miss Natasha.
Natasha is heavily wounded.
Natasha barely misses you.
You hit Natasha but do no damage.
Natasha is heavily wounded.
Natasha mumbles some strange words.
You feel troubled. Natasha closely misses you.
You hit Natasha.
Natasha is heavily wounded.
Natasha closely misses you.
You barely miss Natasha.
Natasha is heavily wounded.
Natasha stops glowing.
You closely miss Natasha.
Natasha is heavily wounded.
Natasha claws you.
* * * LOW HITPOINT WARNING * * *
You take 4 damage, and have 8/28 hp.
You closely miss Natasha.
Natasha is heavily wounded.
Your transformation is almost over.
Natasha claws you!
You die...
Natasha begins licking her fur clean.

#. .# . .. ..#.## .#
#.#..# .# #.##.# ### .#
#.##.# .... .#
#.##.###########./.##
.###.##.##.............#
................hh.....#
........##########.....#
######### ...## .## #


You could see Natasha.

Vanquished Creatures
  Natasha (D:2)
  A dart slug (D:1)
  An endoplasm (D:1)
  3 goblins (D:1)
  2 hobgoblins (D:1)
  A kobold (D:1)
  2 quokkas (D:1)
  4 bats (D:1)
  A frilled lizard (D:1)
  3 rats (D:1)
19 creatures vanquished.

Notes
Turn   | Place    | Note
-------+----------+-------------------------------------------
     0 | D:1      | mdonais the Gnoll Shapeshifter began the quest for the Orb.
     0 | D:1      | Reached XP level 1. HP: 17/17 MP: 1/1
   318 | D:1      | Reached XP level 2. HP: 12/23 MP: 2/2
   388 | D:1      | Found a faded altar of an unknown god.
   834 | D:1      | Found Vafuasso's Book Shop.
  1046 | D:2      | Noticed Natasha
  1081 | D:2      | Killed Natasha
  1082 | D:2      | Reached skill level 1 in Invocations
  1082 | D:2      | Reached XP level 3. HP: 20/28 MP: 2/4
  1126 | D:2      | Noticed Natasha
  1138 | D:2      | Slain by Natasha

Illustrated notes

Levels and vault maps discovered:
D:1:      amcnicky_arrival_blooded_trapdoor, layout_loops_corners,
          nicolae_ecumenical_lake_church, serial_shops, shop
D:2:      layout_loops_ring, uniq_natasha

Skill      XL: |  1  2 |
---------------+-------+-----
Invocations    | 1 |  1.0
Fighting       | |  2.6
Short Blades   | |  0.9
Long Blades    | |  0.9
Axes           | |  0.9
Maces & Flails | |  0.9
Polearms       | |  0.9
Staves         | |  0.9
Ranged Weapons | |  0.9
Throwing       | |  0.9
Armour         | |  0.9
Dodging        | |  4.5
Stealth        | |  0.9
Shields        | |  0.9
Unarmed Combat | |  6.5
Spellcasting   | |  0.9
Conjurations   | |  0.6
Hexes          | |  0.6
Summonings     | |  0.6
Necromancy     | |  0.6
Translocations | |  0.6
Fire Magic     | |  0.6
Ice Magic      | |  0.6
Air Magic      | |  0.6
Earth Magic    | |  0.6
Alchemy        | |  0.6
Evocations     | |  0.9
Shapeshifting  | |  6.5

Action                     || total
---------------------------++-------
  Melee: Unarmed           ||    62
         Bite              ||     1
 Armour: Skin              ||    21
         Animal skin       ||     2
  Dodge: Dodged            ||    43
         Form:             ||     1
         Flux              ||     1

Table legend: (Time is in decaauts)
 A = Elapsed time spent in this place.
 B = Non-inter-level travel time spent in this place.
 C = Inter-level travel time spent in this place.
 D = Time resting spent in this place.
 E = Time spent auto-exploring this place.
 F = Levels seen in this place.
 G = Mean time per level.
                   A        B        C        D        E       F      G
               +--------+--------+--------+--------+--------+-----+--------+
         Total |   1131 |   1078 |     53 |     23 |    870 |   2 |  565.5 |
       Dungeon |   1131 |   1078 |     53 |     23 |    870 |   2 |  565.5 |
               +--------+--------+--------+--------+--------+-----+--------+

Top non-repeatable levels by time:
     D:1: 1062 daAuts
     D:2: 69 daAuts
